[Event "*** Titled Tuesday Blitz"]
[Site "Chess.com"]
[Date "2020.04.07"]
[Round "6"]
[White "Coiote53"]
[Black "AustrianFalcon"]
[Result "1-0"]
[WhiteElo "2374"]
[BlackElo "2580"]
[TimeControl "180+1"]
[EndTime "14:05:03 PDT"]
[Termination "Coiote53 won by resignation"]

1. e4 g6 2. d4 Bg7 3. Nc3 d6 4. Be3 a6 5. Qd2 b5 6. O-O-O Bb7 7. f3 Nd7 8. h4 h5 9. Nh3 Ngf6 10. Ng5 e6 11. Kb1 Qe7 12. a4 b4 13. Ne2 a5 14.
Nf4 O-O 15. Ngxe6 fxe6 16. Nxg6 Qf7 17. Nxf8 Rxf8 18. Bh6 Nb6 19. Bxg7 Qxg7 20. b3 c5 21. dxc5 dxc5 22. Qd6 Nbd7 23. Bc4 Kh8 24. Bxe6 Bxe4 25.
Bxd7 Rd8 26. Qe5 Nd5 27. Qxg7+ Kxg7 28. fxe4 Nc3+ 29. Kb2 Nxd1+ 30. Rxd1 Kf6 31. Rd5 Rg8 32.
Bh3 Rxg2 1-0

[Event "*** Titled Tuesday Blitz"]
[Site "Chess.com"]
[Date "2020.04.07"]
[Round "6"]
[White "Winehouse83"]
[Black "coalescenet"]
[Result "0-1"]
[WhiteElo "2509"]
[BlackElo "2352"]
[TimeControl "180+1"]
[EndTime "14:05:07 PDT"]
[Termination "coalescenet won by resignation"]

1. d4 d5 2. c4 e6 3. Nc3 Be7 4. cxd5 exd5 5. Bf4 Nf6 6. e3 O-O 7. Bd3 c6 8. h3 Bd6 9. Nge2 Bxf4 10. Nxf4 Nbd7 11.
Qc2 Re8 12. O-O-O Nf8 13. g4 Ne6 14. Nxe6 Rxe6 15. g5 Ne4 16. Nxe4 dxe4 17. Bxe4 Qxg5 18.
Bxh7+ Kh8 19. Rhg1 Qh4 20. Rg4 Qxh7 21. Qc5 Bd7 22.
Rdg1 g6 23. Qg5 Qg7 24. Rh4+ Kg8 25. Qf4 Rc8 26. Rh6 Rf6 27. Qh4 Rxf2 28. Rhxg6 fxg6 29. Qxf2 Bf5 30. Qh4 Re8 31. Qe4 Rxe4 0-1

[Event "*** Titled Tuesday Blitz"]
[Site "Chess.com"]
[Date "2020.04.07"]
[Round "6"]
[White "lIlIlIlI_lIl"]
[Black "LogoCzar"]
[Result "1-0"]
[WhiteElo "2614"]
[BlackElo "2410"]
[TimeControl "180+1"]
[EndTime "14:05:10 PDT"]
[Termination "lIlIlIlI_lIl won by resignation"]

1. e4 e5 2. Nf3 Nc6 3. Bb5 Nf6 4. d3 Bc5 5. O-O Nd4 6. Nxd4 Bxd4 7. c3 Bb6 8. Ba4 c6 9. Na3 d6 10. Bb3 h6 11. Nc4 Bc7 12. f4 Bg4 13. Qe1 exf4 14. Bxf4 O-O 15. Qg3 Qd7 16. Ne3 Bb6 17. d4 Rfe8 18.
Bxh6 gxh6 19. Rxf6 Rxe4 20. Rxf7 Qxf7 21. Bxf7+ Kxf7 22. Nxg4 1-0

[Event "*** Titled Tuesday Blitz"]
[Site "Chess.com"]
[Date "2020.04.07"]
[Round "6"]
[White "hongnhung1234"]
[Black "RojonR"]
[Result "0-1"]
[WhiteElo "2171"]
[BlackElo "2401"]
[TimeControl "180+1"]
[EndTime "14:05:10 PDT"]
[Termination "RojonR won by resignation"]

1. e4 e5 2. Nf3 Nc6 3. d4 exd4 4.
Nxd4 Qf6 5. Be3 Bc5 6. c3 Nge7 7. Bc4 d6 8. O-O O-O 9. Kh1 Qg6 10. Nd2 Kh8 11. f4 f5 12. Nxc6 Nxc6 13. Bxc5 dxc5 14. e5 Be6 15. Qf3 Rad8 16. Bxe6 Qxe6 17. Rfd1 c4 18. Qe2 b5 19. a4 a6 20. b3 cxb3 21.
axb5 b2 22. Rxa6 Qd5 23. Rxc6 Qxd2 24. Qxd2 Rxd2 25. Rb1 Rc2 0-1

[Event "*** Titled Tuesday Blitz"]
[Site "Chess.com"]
[Date "2020.04.07"]
[Round "6"]
[White "ferdipy"]
[Black "MaxLeto"]
[Result "1-0"]
[WhiteElo "2170"]
[BlackElo "2296"]
[TimeControl "180+1"]
[EndTime "14:05:11 PDT"]
[Termination "ferdipy won by resignation"]

1. e4 c5 2. d4 cxd4 3. c3 dxc3 4. Nxc3 Nc6 5. Bc4 e6 6. Nf3 a6 7. O-O Nge7 8. Bb3 Ng6 9. Be3 b5 10. Nd5 exd5 11. exd5 Bd6 12. dxc6 dxc6 13. Ng5 O-O 14. Qh5 h6 15. Nxf7 Rxf7 16. Qxg6 Qf6 17. Bxf7+ Qxf7 18. Qxd6 Be6 1-0

[Event "*** Titled Tuesday Blitz"]
[Site "Chess.com"]
[Date "2020.04.07"]
[Round "6"]
[White "Jospem"]
[Black "Hikaru"]
[Result "1/2-1/2"]
[WhiteElo "2929"]
[BlackElo "3262"]
[TimeControl "180+1"]
[EndTime "14:05:15 PDT"]
[Termination "Game drawn by agreement"]

1. c4 e5 2. Nc3 Nf6 3. Nf3 Nc6 4.
a3 d5 5. cxd5 Nxd5 6. Qc2 Nxc3 7. dxc3 a5 8. e4 Qd6 9. a4 Be7 10.
Be3 O-O 11. Bb5 Qg6 12. O-O Bg4 13. Kh1 Bxf3 14. gxf3 Qh5 15. Be2 Qh3 16. Rg1 Qe6 17. Qd3 Rad8 18. Qc4 Rd6 19. Qxe6 Rxe6 20. Rad1 Rd8 21.
Rxd8+ Nxd8 22. Bc4 Rg6 23. Rd1 1/2-1/2

[Event "*** Titled Tuesday Blitz"]
[Site "Chess.com"]
[Date "2020.04.07"]
[Round "6"]
[White "MikeKorovin"]
[Black "Eltaj_Safarli"]
[Result "0-1"]
[WhiteElo "2765"]
[BlackElo "3056"]
[TimeControl "180+1"]
[EndTime "14:05:19 PDT"]
[Termination "Eltaj_Safarli won by resignation"]

1. Nf3 Nf6 2. b3 g6 3. Bb2 Bg7 4. g3 O-O 5. Bg2 d5 6. O-O Nc6 7. d3 d4 8. Nbd2 Nd5 9. a4 e5 10. Nc4 Re8 11. e4 dxe3 12. Nxe3 Nxe3 13. fxe3 e4 14. Bxg7 exf3 15. Bh6 fxg2 16. Kxg2 f6 17. Qf3 Ne5 18. Qe2 Bg4 19. Qe1 Qd6 20. h3 Qc6+ 21. e4 Qxc2+ 22. Rf2 Bf3+ 23. Kh2 Qxd3 24. Rc1 c6 25. Rc3 Qxe4 26. Re3 Qd5 27. Qf1 f5 28.
Rfxf3 Nxf3+ 29. Rxf3 Re4 30. g4 Rae8 31. gxf5 Re2+ 32.
Rf2 Qf3 0-1

[Event "*** Titled Tuesday Blitz"]
[Site "Chess.com"]
[Date "2020.04.07"]
[Round "6"]
[White "SPEEDSKATER"]
[Black "Kingsman132"]
[Result "1-0"]
[WhiteElo "2794"]
[BlackElo "2416"]
[TimeControl "180+1"]
[EndTime "14:05:20 PDT"]
[Termination "SPEEDSKATER won by checkmate"]

1. d4 Nf6 2. c4 e6 3. Nf3 Bb4+ 4.
Bd2 a5 5. a3 Bxd2+ 6. Qxd2 a4 7. Nc3 O-O 8. Qc2 d5 9. cxd5 exd5 10. Nxa4 Nc6 11. Nc3 Bg4 12. e3 Re8 13. Be2 Bxf3 14. gxf3 Qe7 15. O-O Nh5 16. Kh1 Qh4 17. Qf5 Re6 18.
Qg4 Qe7 19. Qxh5 Qd6 20. f4 Rh6 21. Qxd5 Qg6 22. Rg1 Qf6 23. Qg5 Qd6 24. Qxg7# 1-0

[Event "*** Titled Tuesday Blitz"]
[Site "Chess.com"]
[Date "2020.04.07"]
[Round "6"]
[White "Parhamov"]
[Black "Nastya_Rakhmangulova"]
[Result "1-0"]
[WhiteElo "3080"]
[BlackElo "2383"]
[TimeControl "180+1"]
[EndTime "14:05:20 PDT"]
[Termination "Parhamov won by resignation"]

1. e4 c6 2. d4 d5 3. e5 Bf5 4.
h4 Qc7 5. Nc3 h5 6. Bg5 e6 7.
Bd3 Bxd3 8. Qxd3 Be7 9. Nf3 Nh6 10. Bxh6 Rxh6 11. Ng5 Qd8 12. f4 g6 13. Nd1 Nd7 14.
Ne3 Rh8 15. g4 hxg4 16. O-O-O c5 17. Nxg4 cxd4 18. Kb1 Qb6 19. Rh3 Bxg5 20. fxg5 O-O-O 21. Qxd4 Qxd4 22. Rxd4 Nc5 23. Rc3 Rxh4 24. b4 Kb8 25. bxc5 1-0

[Event "*** Titled Tuesday Blitz"]
[Site "Chess.com"]
[Date "2020.04.07"]
[Round "6"]
[White "Konavets"]
[Black "Caracternin123"]
[Result "1-0"]
[WhiteElo "3004"]
[BlackElo "2560"]
[TimeControl "180+1"]
[EndTime "14:05:21 PDT"]
[Termination "Konavets won by resignation"]

1. Nf3 Nf6 2. c4 e6 3. g3 d5 4. Bg2 dxc4 5. Qa4+ Bd7 6. Qxc4 c5 7. Ne5 Qc8 8. Qd3 Nc6 9. Nxd7 Nxd7 10. O-O Be7 11. Nc3 O-O 12. b3 Rd8 13. Bb2 a6 14. Rad1 Bf6 15. Qb1 Rb8 16. Kh1 b5 17. Rc1 Be7 18.
Rfd1 Nf6 19. Ne4 Nxe4 20. Qxe4 Nb4 21. Qg4 Bf8 22. a3 Nd5 23. h4 Qd7 24. h5 h6 25. Be5 Rbc8 26. d3 Ne7 27. b4 Nf5 28.
bxc5 Bxc5 29. d4 Bf8 30. Rxc8 Rxc8 31. d5 Re8 32. e4 Nd6 33. Bh3 Nc4 34. Ba1 Qd8 35.
dxe6 Qf6 36. Bxf6 1-0

[Event "*** Titled Tuesday Blitz"]
[Site "Chess.com"]
[Date "2020.04.07"]
[Round "6"]
[White "NIGWAPO"]
[Black "Fenil1995"]
[Result "1-0"]
[WhiteElo "2594"]
[BlackElo "2416"]
[TimeControl "180+1"]
[EndTime "14:05:24 PDT"]
[Termination "NIGWAPO won by resignation"]

1. e4 c5 2. Nf3 e6 3. d4 cxd4 4. Nxd4 Nc6 5. c4 Nf6 6. f3 d5 7. exd5 exd5 8. Nxc6 bxc6 9. Be2 Bc5 10. cxd5 cxd5 11.
Nc3 h6 12. Na4 Bb4+ 13. Bd2 Qa5 14. Bxb4 Qxb4+ 15. Nc3 d4 16. Qa4+ Qxa4 17. Nxa4 Bf5 18. Kd2 O-O 19. Bc4 Rfd8 20. Rhe1 Nd5 21. Re5 Ne3 22. Bb3 Rac8 23. Nc5 Bg6 24. g4 Kh7 25. Ne4 f6 26. Re7 Bxe4 27. Rxe4 Nc4+ 28. Bxc4 Rxc4 29. Rc1 Rb4 30. b3 Rd7 31. Kd3 a5 32. Rc4 Rxc4 33. bxc4 Rb7 34. Rxd4 Rb2 35. c5 Rb1 36. c6 Rd1+ 37.
Ke4 Rc1 38. Kd5 Kg6 39. Kd6 Kf7 40. Kd7 1-0

[Event "*** Titled Tuesday Blitz"]
[Site "Chess.com"]
[Date "2020.04.07"]
[Round "6"]
[White "Flawless_Fighter"]
[Black "silverback96"]
[Result "1-0"]
[WhiteElo "2569"]
[BlackElo "2135"]
[TimeControl "180+1"]
[EndTime "14:05:25 PDT"]
[Termination "Flawless_Fighter won by resignation"]

1. e4 e6 2. d4 d5 3. Nc3 Bb4 4. e5 c5 5. a3 Bxc3+ 6. bxc3 Ne7 7. Nf3 Qc7 8. a4 b6 9. Bb5+ Bd7 10. Bd3 c4 11.
Be2 h6 12. h3 Nbc6 13. O-O O-O-O 14. Ba3 Rdg8 15. Nh2 g5 16. Bh5 Ng6 17. Ng4 Nf4 18.
Bd6 Qb7 19. Nf6 Rg7 20. g3 Nxh5 21. Qxh5 Be8 22. Kg2 Ne7 23. a5 b5 24. a6 1-0

[Event "*** Titled Tuesday Blitz"]
[Site "Chess.com"]
[Date "2020.04.07"]
[Round "6"]
[White "meridaandres"]
[Black "Alopekos"]
[Result "0-1"]
[WhiteElo "2279"]
[BlackElo "2447"]
[TimeControl "180+1"]
[EndTime "14:05:25 PDT"]
[Termination "Alopekos won by resignation"]

1. e4 c5 2. c3 g6 3. d4 cxd4 4. cxd4 d5 5. exd5 Nf6 6. Qb3 Qxd5 7. Bc4 Qxg2 8. Bxf7+ Kd8 9. Qf3 Bh3 10. Nd2 Nc6 11. Qxh3 Qxh1 12. Nf3 Nxd4 13. Nxd4 Qxg1+ 14. Kd2 e5 15. Qe6 Qxf2+ 16. Ne2 Ne4+ 17. Kd1 Qf1+ 18. Kc2 Qxe2+ 19. Kb3 Nc5+ 0-1

[Event "*** Titled Tuesday Blitz"]
[Site "Chess.com"]
[Date "2020.04.07"]
[Round "6"]
[White "Sebastian"]
[Black "swimmerchess"]
[Result "0-1"]
[WhiteElo "3014"]
[BlackElo "2843"]
[TimeControl "180+1"]
[EndTime "14:05:27 PDT"]
[Termination "swimmerchess won by resignation"]

1. d4 Nf6 2. Nf3 g6 3. e3 Bg7 4. Be2 O-O 5. O-O d6 6. c4 Nbd7 7. Nc3 e5 8. Qc2 Re8 9. Rd1 e4 10. Nd2 Qe7 11. b4 Nf8 12. Bb2 h5 13. Rac1 Bf5 14. b5 N8h7 15. Bf1 h4 16. h3 Ng5 17. Ne2 Nf3+ 18. Kh1 Qd7 19. c5 Nxd2 20. Rxd2 Qxb5 21. Ng3 Qd7 22. Nxf5 Qxf5 23. Qb3 b6 24. cxd6 cxd6 25. Rc7 d5 26. Rdc2 Rec8 27. Ba3 Rxc7 28. Rxc7 Qxf2 29.
Bb5 Qe1+ 30. Kh2 Qg3+ 31. Kh1 Qxc7 0-1

[Event "*** Titled Tuesday Blitz"]
[Site "Chess.com"]
[Date "2020.04.07"]
[Round "6"]
[White "BakaPG"]
[Black "2165149677570"]
[Result "1-0"]
[WhiteElo "2669"]
[BlackElo "2368"]
[TimeControl "180+1"]
[EndTime "14:05:30 PDT"]
[Termination "BakaPG won by resignation"]

1. e4 c5 2. Nf3 d6 3. d4 cxd4 4. Nxd4 Nf6 5. Nc3 a6 6. Be3 e5 7. Nb3 Be6 8. Qd2 Be7 9. f3 O-O 10.
O-O-O Nbd7 11. g4 b5 12. g5 b4 13. Ne2 Ne8 14. Kb1 a5 15. Ng3 Nc7 16. Nf5 Bxf5 17.
exf5 d5 18. Rg1 a4 19. Nc1 d4 20. f6 Bd6 21. fxg7 Re8 22. h4 Nd5 23. Bf2 Nc5 24. g6 hxg6 25. Qh6 f6 26. Bc4 Bc7 27. Bxd4 exd4 28.
Rxd4 Re5 29. Rxg6 Ne6 30. Rxd5 Rxd5 31. Bxd5 Qxd5 32. Qh8+ Kf7 33. g8=Q+ Rxg8 34. Qxf6+ Ke8 35. Rxg8+ Kd7 36. Qf7+ Kc6 37. Rg6 Kd6 38. f4 a3 39.
f5 axb2 40. Qxe6+ 1-0

[Event "*** Titled Tuesday Blitz"]
[Site "Chess.com"]
[Date "2020.04.07"]
[Round "6"]
[White "iLuusions"]
[Black "nomessi"]
[Result "1-0"]
[WhiteElo "2597"]
[BlackElo "2334"]
[TimeControl "180+1"]
[EndTime "14:05:32 PDT"]
[Termination "iLuusions won by resignation"]

1. d4 d5 2. c4 c6 3. Nf3 e6 4. Nc3 dxc4 5. a4 Bb4 6. e3 b5 7. Bd2 Bb7 8. axb5 Bxc3 9. Bxc3 cxb5 10. b3 a5 11. bxc4 b4 12. Bd2 Nf6 13. Bd3 O-O 14. O-O Nbd7 15. Qc2 h6 16. e4 e5 17. d5 Qc7 18.
Be3 Rfc8 19. Rfc1 Nc5 20. Bxc5 Qxc5 21. Nxe5 a4 22. Rxa4 Rxa4 23. Qxa4 Qd4 24. Qa1 Qc5 25. Nf3 Ra8 26. Qb2 Ra3 27. Bb1 Ng4 28. h3 Rxf3 29.
gxf3 Ne5 30. Qxe5 1-0

[Event "*** Titled Tuesday Blitz"]
[Site "Chess.com"]
[Date "2020.04.07"]
[Round "6"]
[White "piscatorox"]
[Black "Kumi29"]
[Result "0-1"]
[WhiteElo "2250"]
[BlackElo "2443"]
[TimeControl "180+1"]
[EndTime "14:05:34 PDT"]
[Termination "Kumi29 won by resignation"]

1. e4 e6 2. d4 d5 3. e5 c5 4.
c3 Nc6 5. Nf3 Nh6 6. Bxh6 gxh6 7. a3 Bg7 8. b4 cxd4 9. cxd4 O-O 10. Bd3 f6 11. exf6 Qxf6 12. Bc2 Nxd4 13. Qxd4 Qxd4 14.
Nxd4 Bxd4 15. Ra2 Bxf2+ 16. Ke2 e5 17. Nc3 Bg4+ 18. Kd2 d4 19. Bb3+ Kg7 20. Nd5 e4 21. Rc1 e3+ 22. Kd3 Bf5+ 23. Kxd4 e2+ 24. Ke5 Rae8+ 25. Kd6 Re6+ 26. Kd7 Rf7+ 27. Kd8 Bh4+ 0-1

[Event "*** Titled Tuesday Blitz"]
[Site "Chess.com"]
[Date "2020.04.07"]
[Round "6"]
[White "mishanick"]
[Black "Olga_Girya"]
[Result "1-0"]
[WhiteElo "2995"]
[BlackElo "2554"]
[TimeControl "180+1"]
[EndTime "14:05:35 PDT"]
[Termination "mishanick won by resignation"]

1. d4 d5 2. c4 c6 3. Nf3 Nf6 4. Nc3 dxc4 5. a4 Bf5 6. Ne5 Nbd7 7. Nxc4 Nb6 8. Ne5 a5 9. f3 Nfd7 10. Nxd7 Nxd7 11. e4 Bg6 12. Qb3 Qb6 13. Bc4 Qxb3 14. Bxb3 e6 15. Be3 Bb4 16. Kf2 O-O 17. Ne2 Kh8 18.
h4 h6 19. Nf4 Bh7 20. Rad1 Rad8 21. g4 e5 22. dxe5 Nxe5 23. g5 Bg8 24. gxh6 gxh6 25. Nh5 Nd3+ 26. Ke2 Nxb2 27. Bd4+ Rxd4 28. Rxd4 f5 29.
Bxg8 Rxg8 30. exf5 Rg2+ 31. Kf1 Rc2 32. Rd8+ Kh7 33.
Rd7+ Kh8 34. Nf6 1-0

[Event "*** Titled Tuesday Blitz"]
[Site "Chess.com"]
[Date "2020.04.07"]
[Round "6"]
[White "imdvb6307"]
[Black "AlanZhang"]
[Result "1-0"]
[WhiteElo "2395"]
[BlackElo "2149"]
[TimeControl "180+1"]
[EndTime "14:05:39 PDT"]
[Termination "imdvb6307 won by resignation"]

1. c4 e6 2. Nf3 d5 3. g3 dxc4 4. Bg2 c6 5. O-O Nf6 6. Qc2 b5 7. b3 cxb3 8. axb3 Bb7 9. d4 Be7 10. Ba3 O-O 11. Bxe7 Qxe7 12. Ne5 Qc7 13. Rc1 Nd5 14.
Nd3 a5 15. Nc3 Nxc3 16. Qxc3 Nd7 17. Nc5 Nxc5 18. Qxc5 Rac8 19. Ra2 Rfd8 20. e3 Rd6 21. Rca1 Ra8 22. Qc3 c5 23. Qxc5 Bc6 24. Rc1 Rc8 25. Rac2 Qb7 26. Qxd6 1-0

[Event "*** Titled Tuesday Blitz"]
[Site "Chess.com"]
[Date "2020.04.07"]
[Round "6"]
[White "champ2005"]
[Black "ftorodent"]
[Result "1-0"]
[WhiteElo "2977"]
[BlackElo "2548"]
[TimeControl "180+1"]
[EndTime "14:05:43 PDT"]
[Termination "champ2005 won by checkmate"]

1. c4 e6 2. Nf3 d5 3. d4 Nf6 4.
g3 Be7 5. Bg2 O-O 6. O-O c6 7.
Nbd2 b6 8. Qc2 Nbd7 9. e4 Bb7 10. e5 Ne8 11. cxd5 cxd5 12. Re1 Rc8 13. Qa4 Bc6 14. Qd1 b5 15. Nf1 Nb6 16. h4 b4 17. h5 Qc7 18. Bf4 Ba4 19. b3 Bb5 20. Rc1 Qb7 21.
Ne3 Nc7 22. Ng4 Be8 23. h6 g6 24. Bg5 Nb5 25. Bxe7 Qxe7 26. Nf6+ Kh8 27. Rxc8 Nxc8 28. Ng5 Nc3 29. Qd2 Bb5 30. Ngxh7 Rd8 31. Ng5 Nb6 32.
a4 Ba6 33. Bf3 Nd7 34. Qf4 Bd3 35. h7 Bc2 36. Kg2 Bxb3 37. Ng8 Rxg8 38. Nxf7+ Kxh7 39. Qh6# 1-0

[Event "*** Titled Tuesday Blitz"]
[Site "Chess.com"]
[Date "2020.04.07"]
[Round "6"]
[White "Algeriano22"]
[Black "Viuvanegra"]
[Result "1-0"]
[WhiteElo "2656"]
[BlackElo "1946"]
[TimeControl "180+1"]
[EndTime "14:05:45 PDT"]
[Termination "Algeriano22 won by checkmate"]

1. e4 c5 2. Nf3 Nc6 3. Bb5 e5 4. O-O Bd6 5. c3 Nge7 6. d4 cxd4 7. cxd4 exd4 8. Nxd4 a6 9. Ba4 Qc7 10. Nf3 O-O 11.
Nc3 Ne5 12. Nxe5 Bxe5 13. f4 Bxc3 14. bxc3 Qxc3 15. Rb1 b5 16. Bc2 Ng6 17. Bb2 Qc5+ 18. Bd4 Qe7 19. e5 d6 20. exd6 Qxd6 21. f5 Ne5 22. f6 gxf6 23. Kh1 Bg4 24. Qd2 Nc4 25. Qh6 Ne5 26. Qxh7# 1-0

[Event "*** Titled Tuesday Blitz"]
[Site "Chess.com"]
[Date "2020.04.07"]
[Round "6"]
[White "swayamsm"]
[Black "SavelievAlexei"]
[Result "1-0"]
[WhiteElo "2589"]
[BlackElo "2420"]
[TimeControl "180+1"]
[EndTime "14:05:47 PDT"]
[Termination "swayamsm won by resignation"]

1. d4 Nf6 2. Nf3 e6 3. Bf4 c5 4. e3 Nc6 5. Nbd2 d5 6. c3 Bd6 7. Bg3 O-O 8. Bd3 Re8 9. Ne5 Bxe5 10. dxe5 Nd7 11. f4 c4 12. Bc2 Qb6 13. O-O Qxe3+ 14. Kh1 Qc5 15. Nf3 g6 16. Ng5 Qf8 17. Qg4 b6 18. Rad1 Bb7 19. Bh4 Nc5 20. Rf3 Ne7 21.
Nxh7 Kxh7 22. Rh3 Ng8 23. Bg5+ Kg7 24. Qh4 1-0

[Event "*** Titled Tuesday Blitz"]
[Site "Chess.com"]
[Date "2020.04.07"]
[Round "6"]
[White "serhanberat_ozdemir"]
[Black "ChessBitl"]
[Result "1-0"]
[WhiteElo "2472"]
[BlackElo "2312"]
[TimeControl "180+1"]
[EndTime "14:05:48 PDT"]
[Termination "serhanberat_ozdemir won by checkmate"]

1. e4 c5 2. Nf3 Nc6 3. Bb5 Qc7 4. O-O e6 5. Re1 a6 6. Bxc6 Qxc6 7. d4 cxd4 8. Nxd4 Qc7 9. Nc3 d6 10. Be3 Nf6 11.
f4 Be7 12. Qf3 O-O 13. Rad1 b5 14. g4 b4 15. Nce2 Bb7 16. Ng3 Nd7 17. g5 Nc5 18. Nb3 d5 19. Nxc5 Bxc5 20. Bxc5 Qxc5+ 21. Qf2 Qa5 22. e5 Qxa2 23. f5 exf5 24. Nxf5 Qxb2 25. Rd4 Rac8 26.
Rh4 Rxc2 27. Ne7+ Kh8 28. Rxh7+ Kxh7 29. Qh4# 1-0

[Event "*** Titled Tuesday Blitz"]
[Site "Chess.com"]
[Date "2020.04.07"]
[Round "6"]
[White "Everyfishknows"]
[Black "picturesquecheck"]
[Result "1/2-1/2"]
[WhiteElo "2348"]
[BlackElo "2144"]
[TimeControl "180+1"]
[EndTime "14:05:51 PDT"]
[Termination "Game drawn by agreement"]

1. d4 Nf6 2. c4 e6 3. Nf3 d5 4. g3 Bb4+ 5. Bd2 Be7 6. Bg2 O-O 7. b3 b6 8. O-O Bb7 9. Nc3 Nbd7 10.
Ne5 c5 11. e3 Rc8 12. Qe2 Nxe5 13. dxe5 Ne4 14. Nxe4 dxe4 15. Rad1 Qc7 16. Bc3 Rfd8 17. Qg4 Qc6 18. h4 h6 19. Rxd8+ Rxd8 20. Rd1 Rxd1+ 21.
Qxd1 a6 22. a4 b5 23. axb5 axb5 24. Qa1 bxc4 25. bxc4 Qa6 26. Qxa6 Bxa6 27. Bf1 Kf8 28. Be2 Ke8 29. Kf1 Kd7 30. Ke1 f5 31. exf6 Bxf6 32.
Bxf6 gxf6 33. Kd2 Kd6 34. Kc3 Bb7 35. Bd1 Ke5 36. Be2 Bc6 37. Bd1 Be8 38. Be2 Bd7 1/2-1/2

[Event "*** Titled Tuesday Blitz"]
[Site "Chess.com"]
[Date "2020.04.07"]
[Round "6"]
[White "Vusatiuk_Vladimir"]
[Black "Bastiandash"]
[Result "1-0"]
[WhiteElo "2376"]
[BlackElo "1960"]
[TimeControl "180+1"]
[EndTime "14:05:53 PDT"]
[Termination "Vusatiuk_Vladimir won on time"]

1. e4 c5 2. Nf3 e6 3. g3 a6 4. Bg2 b5 5. O-O Bb7 6. d4 cxd4 7.
Nxd4 Nf6 8. Nc3 b4 9. e5 Bxg2 10. Kxg2 bxc3 11. exf6 gxf6 12. Qf3 Ra7 13. bxc3 Qc7 14.
Qxf6 Rg8 15. Bf4 Bd6 16. Nf5 Qc6+ 17. Kg1 Bf8 18. Bxb8 Rb7 19. Rab1 1-0

[Event "*** Titled Tuesday Blitz"]
[Site "Chess.com"]
[Date "2020.04.07"]
[Round "6"]
[White "manubibi"]
[Black "Lysiak_Poltorak"]
[Result "0-1"]
[WhiteElo "2527"]
[BlackElo "2361"]
[TimeControl "180+1"]
[EndTime "14:05:54 PDT"]
[Termination "Lysiak_Poltorak won by resignation"]

1. e4 c5 2. Nf3 d6 3. d4 cxd4 4. Nxd4 Nf6 5. Nc3 g6 6. Be3 Bg7 7.
f3 O-O 8. Qd2 Nc6 9. g4 Be6 10.
h4 d5 11. O-O-O Nxd4 12. Bxd4 dxe4 13. g5 Nh5 14. Nxe4 Bxd4 15. Qxd4 Qa5 16. a3 Rfd8 17.
Qb4 Rxd1+ 18. Kxd1 Rd8+ 19. Bd3 Qc7 20. Qc3 Qf4 21. Rf1 Bg4 22. fxg4 Qxf1+ 23. Qe1 Qxe1+ 24. Kxe1 Nf4 25. Kd2 Nxd3 26. cxd3 b6 27. h5 Rd5 28. Ke3 gxh5 29. gxh5 h6 0-1

[Event "*** Titled Tuesday Blitz"]
[Site "Chess.com"]
[Date "2020.04.07"]
[Round "6"]
[White "OparinGrigoriy"]
[Black "donotreadit"]
[Result "1-0"]
[WhiteElo "2978"]
[BlackElo "2749"]
[TimeControl "180+1"]
[EndTime "14:05:55 PDT"]
[Termination "OparinGrigoriy won by resignation"]

1. Nf3 d5 2. g3 Nf6 3. Bg2 e6 4. c4 Be7 5. d4 O-O 6. Nc3 dxc4 7. Ne5 c5 8. dxc5 Qxd1+ 9. Nxd1 Bxc5 10. Nxc4 Nc6 11. Be3 Bb4+ 12. Nc3 Bd7 13. O-O-O Rfd8 14.
Nd6 Rab8 15. Ncb5 b6 16. a3 Bxd6 17. Nxd6 Ne7 18. Bg5 Bc6 19. f3 Kf8 20. e4 h6 21.
Be3 Nc8 22. Bf4 g5 23. Be5 Nd7 24. Nxf7 Kxf7 25. Bxb8 Ne7 26. Bd6 Ng6 27. b3 Rc8 28. Kb2 Nge5 29. h3 Bb5 30. Bf1 Bc6 31. Be2 Ng6 32.
Rd2 Nf6 33. Rc1 1-0

[Event "*** Titled Tuesday Blitz"]
[Site "Chess.com"]
[Date "2020.04.07"]
[Round "6"]
[White "valeriocarnicelli"]
[Black "plumalka"]
[Result "0-1"]
[WhiteElo "2590"]
[BlackElo "2412"]
[TimeControl "180+1"]
[EndTime "14:05:55 PDT"]
[Termination "plumalka won by resignation"]

1. e4 c5 2. Nf3 d6 3. d4 cxd4 4.
Nxd4 Nf6 5. Nc3 Bd7 6. Bg5 e6 7. Qd2 a6 8. O-O-O h6 9. Bxf6 Qxf6 10. f4 Nc6 11. Nxc6 Bxc6 12. Bd3 O-O-O 13. Qe3 Kb8 14. g3 Qe7 15. Qb6 Qc7 16. Qxc7+ Kxc7 17. Rhe1 g5 18. a4 Bg7 19. a5 Bxc3 20. bxc3 Rhg8 21.
Rg1 h5 22. Kb2 d5 23. e5 h4 24. fxg5 Rxg5 25. gxh4 Rxe5 26. Rg7 Rd7 27. Rf1 f5 28. Rxd7+ Bxd7 29. h5 Re3 30. c4 d4 31. Rf4 Rh3 32. Rxd4 Rxh2 33. c5 Rxh5 34. Kb3 e5 35. Rd6 e4 36. Bc4 f4 37. Bd5 Rxd5 38. Rxd5 Be6 39. c4 Bxd5 40. cxd5 f3 0-1

[Event "*** Titled Tuesday Blitz"]
[Site "Chess.com"]
[Date "2020.04.07"]
[Round "6"]
[White "Icewizard1"]
[Black "Girkassa"]
[Result "1-0"]
[WhiteElo "2864"]
[BlackElo "2529"]
[TimeControl "180+1"]
[EndTime "14:05:56 PDT"]
[Termination "Icewizard1 won by checkmate"]

1. Nf3 d5 2. d4 Nf6 3. c4 e6 4.
Nc3 Bb4 5. Bg5 dxc4 6. e4 b5 7.
a4 c5 8. axb5 cxd4 9. Bxf6 Qxf6 10.
Qxd4 Qxd4 11. Nxd4 Bb7 12. Bxc4 Bxe4 13. O-O Bb7 14. Ra4 Bc5 15. Nb3 Bb6 16. Na5 Bc8 17.
Rfa1 Bd7 18. Be2 a6 19. Nc6 Nxc6 20. Bf3 Rc8 21. Rxa6 Nd4 22. Rxb6 Nxf3+ 23. gxf3 Ke7 24. Rb7 Rb8 25. Raa7 Rxb7 26. Rxb7 Ra8 27. Ne4 Kd8 28. Nc5 Be8 29. b6 g5 30. b4 g4 31. Rc7 gxf3 32.
Nb7# 1-0

[Event "*** Titled Tuesday Blitz"]
[Site "Chess.com"]
[Date "2020.04.07"]
[Round "6"]
[White "MiroMiljkovic"]
[Black "rynos0411"]
[Result "1-0"]
[WhiteElo "2604"]
[BlackElo "2390"]
[TimeControl "180+1"]
[EndTime "14:05:56 PDT"]
[Termination "MiroMiljkovic won by resignation"]

1. d4 Nf6 2. c4 e6 3. Nc3 d5 4.
Bg5 Be7 5. e3 O-O 6. Nf3 b6 7.
Qc2 Bb7 8. Bxf6 Bxf6 9. cxd5 exd5 10. O-O-O Nd7 11. g4 c5 12. h4 cxd4 13. exd4 Rc8 14. g5 Be7 15. Bd3 g6 16. h5 Bxg5+ 17. Kb1 Qf6 18.
Nxg5 Qxg5 19. hxg6 fxg6 20. Rdg1 Qf4 21. Bxg6 Nf6 22.
Bxh7+ Kf7 23. Rg7+ Ke6 24. Rxb7 Ne4 25. Bxe4 dxe4 26. Qxe4+ Qxe4+ 27. Nxe4 Kd5 28. Nc3+ Kxd4 29. Rxa7 Rxf2 30. Rd7+ Ke5 31. Re1+ Kf4 32. Rf7+ Kg3 33. Ne4+ 1-0

[Event "*** Titled Tuesday Blitz"]
[Site "Chess.com"]
[Date "2020.04.07"]
[Round "6"]
[White "tomozupan"]
[Black "King_of_the_wing"]
[Result "0-1"]
[WhiteElo "2243"]
[BlackElo "2053"]
[TimeControl "180+1"]
[EndTime "14:05:57 PDT"]
[Termination "King_of_the_wing won by resignation"]

1. d4 d5 2. c4 c6 3. cxd5 cxd5 4.
Nc3 Nf6 5. Nf3 Nc6 6. Bf4 a6 7. e3 e6 8. Bd3 Bd6 9. Ne5 Qc7 10. O-O Nxe5 11. dxe5 Bxe5 12. Bxe5 Qxe5 13. Rc1 O-O 14. Qc2 Bd7 15. h3 Rac8 16. Qb3 Bc6 17.
Ne2 Qd6 18. Nd4 b5 19. Rc2 Bd7 20. Rfc1 Rxc2 21. Rxc2 g6 22. a3 e5 23. Ne2 e4 0-1

[Event "*** Titled Tuesday Blitz"]
[Site "Chess.com"]
[Date "2020.04.07"]
[Round "6"]
[White "Aygehovit1992"]
[Black "CyberneticLion"]
[Result "0-1"]
[WhiteElo "2703"]
[BlackElo "2529"]
[TimeControl "180+1"]
[EndTime "14:05:58 PDT"]
[Termination "CyberneticLion won by resignation"]

1. e4 e5 2. Nf3 Nc6 3. Bb5 Nge7 4. Nc3 Ng6 5. h4 Nd4 6. h5 Nf4 7. g3 Nxf3+ 8. Qxf3 Ne6 9. Bc4 Ng5 10. Qe2 c6 11. d3 Bb4 12. f4 Ne6 13. fxe5 Qa5 14. Bd2 Qxe5 15. O-O-O b5 16. Bxe6 dxe6 17. h6 g6 18. a3 Bc5 19. Bf4 Qd4 20. e5 Bxa3 21.
Bd2 Bxb2+ 22. Kxb2 b4 23. Qe3 bxc3+ 24. Ka3 Qb6 25. Ra1 Qa5+ 26. Kb3 Rb8+ 0-1